WCHLSIM.com - West Coast Hockey League
html PUBLIC "-//W3C//DTD XHTML 1.0 Transitional//EN" "http://www.w3.org/TR/xhtml1/DTD/xhtml1-transitional.dtd"> WCHL - Game 636 - KELOWNA ROCKETS vs TEXAS TOROS

KELOWNA ROCKETS vs TEXAS TOROS

Created - 11 janvier 2024 at 21:58

Goals
1 2 3 T
KELOWNA ROCKETS 2 2 0 4
TEXAS TOROS 0 1 1 2
Shots
1 2 3 T
KELOWNA ROCKETS 9 10 6 25
TEXAS TOROS 6 6 11 23

1st period

1. KELOWNA ROCKETS , Vladimir Tarasenko 17 (J.T. Compher 28, Calle Jarnkrok 9) at 9:17
2. KELOWNA ROCKETS , Pavel Buchnevich 8 (Valeri Nichushkin 13, Adam Fox 35) at 16:18

Penalties :
Adam Fox (KEL) for High sticking (Minor) at 10:09

2nd period

3. KELOWNA ROCKETS , Derek Ryan 5 (Parker Kelly 4, Pavel Dorofeyev 3) at 2:34
4. KELOWNA ROCKETS , Pavel Dorofeyev 2 (Derek Ryan 6, Adam Fox 36) at 10:54
5. TEXAS TOROS , Dougie Hamilton 5 (Wade Allison 2) at 16:22

Penalties :
No Penalty

3rd period

6. TEXAS TOROS , Trevor Zegras 12 (Wade Allison 3, Owen Power 16) at 8:29

Penalties :
Jonathan Toews (TEX) for Roughing (Minor) at 4:33

Goalie Stats

Craig Anderson (KEL), 21 saves from 23 shots - (0,913), W, 8-3-1, 60:00 minutes
Daniil Tarasov (TEX), 12 saves from 16 shots - (0,750), L, 7-5-2, 30:54 minutes
Philipp Grubauer (TEX), 9 saves from 9 shots - (1,000), 29:06 minutes

Players Stats for KELOWNA ROCKETS

Player Name              G  A  P  +/- PIM S  H  SB GA TA FO     MP     PP MP  PK MP  
------------------------------------------------------------------------------------
Adam Fox                 0  2  2   1  2   1  0  1  0  0  0/0    20:49   1:04   0:00 
Anthony DeAngelo         0  0  0   0  0   1  0  0  0  0  0/0    21:14   0:55   1:17 
Auston Matthews          0  0  0   0  0   2  1  0  0  0  13/21  19:44   1:04   0:08 
Calle Jarnkrok           0  1  1   0  0   1  2  0  0  0  1/1    19:25   0:55   0:16 
Carson Meyer             0  0  0   0  0   0  1  0  0  0  0/3     6:22   0:00   0:00 
Derek Ryan               1  1  2   2  0   3  0  1  0  0  7/14   12:54   0:00   0:00 
Dmitri Orlov             0  0  0   1  0   0  2  2  0  0  0/0    22:41   1:04   0:52 
Erik Brannstrom          0  0  0   1  0   0  0  0  0  0  0/0    17:26   0:55   0:16 
J.T. Compher             0  1  1   0  0   3  0  0  0  0  15/22  20:44   0:55   1:35 
Kyle Burroughs           0  0  0   1  0   0  1  1  0  0  0/0    16:41   0:00   0:26 
Lukas Sedlak             0  0  0   0  0   0  0  0  0  0  1/1     6:22   0:00   0:00 
Mark Giordano            0  0  0   0  0   0  0  0  0  0  0/0    21:08   0:00   1:07 
Noah Gregor              0  0  0   0  0   1  0  0  0  0  1/3     6:22   0:00   0:00 
Parker Kelly             0  1  1   2  0   1  2  0  0  0  0/0    12:54   0:00   0:00 
Pavel Buchnevich         1  0  1   0  0   3  4  0  0  0  0/1    19:44   1:04   0:08 
Pavel Dorofeyev          1  1  2   2  0   2  0  0  0  0  1/2    12:54   0:00   0:00 
Valeri Nichushkin        0  1  1   0  0   4  0  0  0  0  0/0    20:44   0:55   1:17 
Vladimir Tarasenko       1  0  1   0  0   3  0  0  0  0  0/0    19:52   1:04   0:34 

Players Stats for TEXAS TOROS

Player Name              G  A  P  +/- PIM S  H  SB GA TA FO     MP     PP MP  PK MP  
------------------------------------------------------------------------------------
Danton Heinen            0  0  0  -1  0   1  2  0  0  0  0/2    20:14   1:04   0:59 
Dougie Hamilton          1  0  1  -1  0   2  1  0  0  0  0/0    23:17   1:04   1:15 
Jesse Ylonen             0  0  0  -2  0   2  0  0  0  0  0/1     9:49   0:00   0:00 
Jonathan Toews           0  0  0  -1  2   0  0  0  0  0  8/14   18:10   0:00   0:00 
Kevin Hayes              0  0  0  -1  0   3  0  0  0  0  15/25  17:29   0:55   1:15 
Mikhail Sergachev        0  0  0  -1  0   2  2  2  0  0  0/0    23:17   1:04   1:15 
Miles Wood               0  0  0  -1  0   0  2  0  0  0  0/0    16:14   0:55   0:00 
Nate Schmidt             0  0  0   0  0   0  2  0  0  0  0/0    15:20   0:00   0:00 
Owen Power               0  1  1   0  0   0  3  1  0  0  0/0    15:20   0:00   0:00 
Ryan Poehling            0  0  0  -2  0   0  0  0  0  0  2/10    9:49   0:00   0:00 
Ryan Suter               0  0  0  -1  0   0  2  1  0  0  0/0    21:23   0:55   0:44 
Taylor Raddysh           0  0  0  -1  0   5  1  0  0  0  0/1    16:14   0:55   0:00 
Trevor Zegras            1  0  1   2  0   4  0  0  0  0  2/9    14:31   1:04   0:44 
Troy Terry               0  0  0  -1  0   1  0  0  0  0  1/2    19:59   1:04   0:44 
Tyson Barrie             0  0  0  -1  0   2  0  1  0  0  0/0    21:23   0:55   0:44 
Tyson Foerster           0  0  0  -2  0   1  1  0  0  0  0/1     9:49   0:00   0:00 
Wade Allison             0  2  2   2  0   0  4  1  0  0  1/1    12:59   0:00   0:16 
Yegor Chinakhov          0  0  0   2  0   0  0  0  0  0  0/2    12:43   0:00   0:00 

3 Stars

1 - Derek Ryan (KEL)
2 - Pavel Dorofeyev (KEL)
3 - Wade Allison (TEX)

Power Play

KELOWNA ROCKETS - 0 on 1 Attempt(s) - 0,00%
TEXAS TOROS - 0 on 1 Attempt(s) - 0,00%

Penalty Kill

KELOWNA ROCKETS - 1 on 1 Attempt(s) - 100,00% - Score 0 goal in Penalty Kill
TEXAS TOROS - 1 on 1 Attempt(s) - 100,00% - Score 0 goal in Penalty Kill

Team Stat

KELOWNA ROCKETS - Hits : 13 - Faceoff Wins : 39 - Blocked Shots : 5 - Penalty Minutes : 2
TEXAS TOROS - Hits : 20 - Faceoff Wins : 29 - Blocked Shots : 6 - Penalty Minutes : 2

Official

Referees : Tim Peel and Brett Roeland
Linesman : Luke Murray and Shaun Morgan

Game Notes

Philipp Grubauer enters game at 10:54 of 2nd period

Finance

Level 1 -- Attendance: 5515 (84,85%) -- Ticket Income 937 550 $
Level 2 -- Attendance: 4265 (77,55%) -- Ticket Income 511 800 $
Level 3 -- Attendance: 2340 (78,00%) -- Ticket Income 210 600 $
Level 4 -- Attendance: 4801 (96,02%) -- Ticket Income 288 060 $
Luxury Box -- Attendance: 608 (60,80%) -- Ticket Income 243 200 $
Game was played at the Red Bull Arena.
Total Attendance: 17529 (83,47%)
Total Ticket Income: 2 191 210 $
Other Expense: 21 912 $
Total Income: 2 169 298 $

KELOWNA ROCKETS

5 vs 5 Forward 
   Center                   Left Wing                Right Wing               Time % Phy DF OF 
 1 Auston Matthews          Pavel Buchnevich         Valeri Nichushkin        36     0   2  3  
 2 J.T. Compher             Calle Jarnkrok           Vladimir Tarasenko       36     0   2  3  
 3 Derek Ryan               Parker Kelly             Pavel Dorofeyev          28     0   4  1  
 4 Noah Gregor              Lukas Sedlak             Carson Meyer             0      0   3  2  

5 vs 5 Defense 
   Defense                  Defense                                           Time % Phy DF OF 
 1 Adam Fox                 Dmitri Orlov                                      37     0   4  1  
 2 Mark Giordano            Anthony DeAngelo                                  35     0   4  1  
 3 Erik Brannstrom          Kyle Burroughs                                    28     0   4  1  
 4 Dmitri Orlov             Mark Giordano                                     0      0   3  2  

PowerPlay Forward 
   Center                   Left Wing                Right Wing               Time % Phy DF OF 
 1 Auston Matthews          Pavel Buchnevich         Vladimir Tarasenko       60     0   0  5  
 2 J.T. Compher             Calle Jarnkrok           Valeri Nichushkin        40     0   0  5  

PowerPlay Defense
   Defense                  Defense                                           Time % Phy DF OF 
 1 Adam Fox                 Dmitri Orlov                                      65     0   1  4  
 2 Anthony DeAngelo         Erik Brannstrom                                   35     0   1  4  

Penalty Kill 4 Players Forward 
   Center                   Wing                     Time % Phy DF OF 
 1 J.T. Compher             Valeri Nichushkin        65     0   5  0  
 2 Auston Matthews          Pavel Buchnevich         35     0   5  0  

Penalty Kill 4 Players Defense
   Defense                  Defense                  Time % Phy DF OF 
 1 Adam Fox                 Mark Giordano            55     0   5  0  
 2 Dmitri Orlov             Anthony DeAngelo         45     0   5  0  

Penalty Kill - 3 Players Forward 
   Forward                                           Time % Phy DF OF 
 1 J.T. Compher                                      60     0   5  0  
 2 Auston Matthews                                   40     0   5  0  

Penalty Kill - 3 Players Defense
   Defense                  Defense                  Time % Phy DF OF 
 1 Adam Fox                 Mark Giordano            55     0   5  0  
 2 Dmitri Orlov             Anthony DeAngelo         45     0   5  0  

4 vs 4 Forward 
   Center                   Wing                     Time % Phy DF OF 
 1 Auston Matthews          Vladimir Tarasenko       55     0   1  4  
 2 J.T. Compher             Pavel Buchnevich         45     0   1  4  

4 vs 4 Defense
   Defense                  Defense                  Time % Phy DF OF 
 1 Adam Fox                 Dmitri Orlov             55     0   2  3  
 2 Mark Giordano            Anthony DeAngelo         45     0   2  3  

Last Minutes Offensive
   Center                   Left Wing                Right Wing               Defense                  Defense                  
   Auston Matthews          Pavel Buchnevich         Valeri Nichushkin        Adam Fox                 Dmitri Orlov             

Last Minutes Defensive
   Center                   Left Wing                Right Wing               Defense                  Defense                  
   Auston Matthews          J.T. Compher             Valeri Nichushkin        Adam Fox                 Dmitri Orlov             

Goaltenders
Starting : Craig Anderson           
Backup : Pavel Francouz           

Extra Forwards
Normal : Auston Matthews, Pavel Buchnevich, Vladimir Tarasenko - PP : Pavel Dorofeyev, Parker Kelly - PK : Vladimir Tarasenko
Extra Defensemen
Normal : Anthony DeAngelo, Dmitri Orlov, Mark Giordano - PP : Mark Giordano - PK : Kyle Burroughs, Erik Brannstrom
Penalty Shots
Auston Matthews, Vladimir Tarasenko, Pavel Buchnevich, Valeri Nichushkin, J.T. Compher
Custom OT Lines Forwards
Auston Matthews, Pavel Buchnevich, J.T. Compher, Valeri Nichushkin, Calle Jarnkrok, Vladimir Tarasenko, Derek Ryan, Pavel Dorofeyev, Noah Gregor, Parker Kelly
Custom OT Lines Defensemen
Adam Fox, Mark Giordano, Dmitri Orlov, Anthony DeAngelo, Kyle Burroughs

Scratches
Tyler Bertuzzi (Broken Bone (Right Ankle) Injury), Alex Stalock (Sprained Left Knee Injury)

TEXAS TOROS

5 vs 5 Forward 
   Center                   Left Wing                Right Wing               Time % Phy DF OF 
 1 Jonathan Toews           Danton Heinen            Troy Terry               36     1   2  2  
 2 Kevin Hayes              Miles Wood               Taylor Raddysh           31     1   2  2  
 3 Trevor Zegras            Yegor Chinakhov          Wade Allison             23     1   2  2  
 4 Ryan Poehling            Jesse Ylonen             Tyson Foerster           10     1   2  2  

5 vs 5 Defense 
   Defense                  Defense                                           Time % Phy DF OF 
 1 Mikhail Sergachev        Dougie Hamilton                                   36     1   2  2  
 2 Tyson Barrie             Ryan Suter                                        31     1   2  2  
 3 Owen Power               Nate Schmidt                                      23     1   2  2  
 4 Mikhail Sergachev        Dougie Hamilton                                   10     1   2  2  

PowerPlay Forward 
   Center                   Left Wing                Right Wing               Time % Phy DF OF 
 1 Trevor Zegras            Danton Heinen            Troy Terry               55     1   2  2  
 2 Kevin Hayes              Miles Wood               Taylor Raddysh           45     1   2  2  

PowerPlay Defense
   Defense                  Defense                                           Time % Phy DF OF 
 1 Mikhail Sergachev        Dougie Hamilton                                   55     1   2  2  
 2 Tyson Barrie             Ryan Suter                                        45     1   2  2  

Penalty Kill 4 Players Forward 
   Center                   Wing                     Time % Phy DF OF 
 1 Danton Heinen            Kevin Hayes              55     1   2  2  
 2 Troy Terry               Trevor Zegras            45     1   2  2  

Penalty Kill 4 Players Defense
   Defense                  Defense                  Time % Phy DF OF 
 1 Mikhail Sergachev        Dougie Hamilton          55     1   2  2  
 2 Tyson Barrie             Ryan Suter               45     1   2  2  

Penalty Kill - 3 Players Forward 
   Forward                                           Time % Phy DF OF 
 1 Troy Terry                                        55     1   2  2  
 2 Kevin Hayes                                       45     1   2  2  

Penalty Kill - 3 Players Defense
   Defense                  Defense                  Time % Phy DF OF 
 1 Mikhail Sergachev        Dougie Hamilton          55     1   2  2  
 2 Tyson Barrie             Ryan Suter               45     1   2  2  

4 vs 4 Forward 
   Center                   Wing                     Time % Phy DF OF 
 1 Jonathan Toews           Kevin Hayes              55     1   2  2  
 2 Troy Terry               Trevor Zegras            45     1   2  2  

4 vs 4 Defense
   Defense                  Defense                  Time % Phy DF OF 
 1 Mikhail Sergachev        Dougie Hamilton          55     1   2  2  
 2 Tyson Barrie             Ryan Suter               45     1   2  2  

Last Minutes Offensive
   Center                   Left Wing                Right Wing               Defense                  Defense                  
   Jonathan Toews           Danton Heinen            Troy Terry               Mikhail Sergachev        Dougie Hamilton          

Last Minutes Defensive
   Center                   Left Wing                Right Wing               Defense                  Defense                  
   Jonathan Toews           Danton Heinen            Troy Terry               Mikhail Sergachev        Dougie Hamilton          

Goaltenders
Starting : Daniil Tarasov           
Backup : Philipp Grubauer         

Extra Forwards
Normal : Jesse Ylonen, Ryan Poehling, Wade Allison - PP : Jesse Ylonen, Ryan Poehling - PK : Wade Allison
Extra Defensemen
Normal : Owen Power, Nate Schmidt, Tyson Barrie - PP : Owen Power - PK : Nate Schmidt, Tyson Barrie
Penalty Shots
Ryan Poehling, Kevin Hayes, Troy Terry, Trevor Zegras, Taylor Raddysh
Custom OT Lines Forwards
Jesse Ylonen, Kevin Hayes, Troy Terry, Trevor Zegras, Taylor Raddysh, Ryan Poehling, Wade Allison, Danton Heinen, Tyson Foerster, Miles Wood
Custom OT Lines Defensemen
Mikhail Sergachev, Dougie Hamilton, Tyson Barrie, Ryan Suter, Owen Power

Scratches
Colin Blackwell (Healthy), Adin Hill (Right Ankle Injury)

% Time on Ice - KELOWNA ROCKETS

Lines # - Real PCT - Wanted PCT - Time Play
Normal Forward
1 - 33% - 36% - 18:32
2 - 33% - 36% - 18:14
3 - 23% - 28% - 12:54
4 - 11% - 0% - 6:22
Normal Defense
1 - 35% - 37% - 19:46
2 - 34% - 35% - 19:02
3 - 29% - 28% - 16:15
4 - 2% - 0% - 0:59
PP Forward
1 - 54% - 60% - 1:04
2 - 46% - 40% - 0:55
PP Defense
1 - 54% - 65% - 1:04
2 - 46% - 35% - 0:55
PK Forward
1 - 93% - 65% - 1:51
2 - 7% - 35% - 0:08
PK Defense
1 - 56% - 55% - 1:07
2 - 44% - 45% - 0:52
PK3 Forward
1 - 0% - 60%
2 - 0% - 40%
PK3 Defense
1 - 0% - 55%
2 - 0% - 45%
44 Forward
1 - 0% - 55%
2 - 0% - 45%
44 Defense
1 - 0% - 55%
2 - 0% - 45%
Last Minute Offensive  - 0:00
Last Minute Defensive  - 0:00
Total
Forward - 60:00
Defense - 60:00

% Time on Ice - TEXAS TOROS

Lines # - Real PCT - Wanted PCT - Time Play
Normal Forward
1 - 32% - 36% - 18:11
2 - 27% - 31% - 15:19
3 - 23% - 23% - 12:43
4 - 18% - 10% - 9:49
Normal Defense
1 - 32% - 36% - 18:07
2 - 35% - 31% - 19:44
3 - 27% - 23% - 15:20
4 - 5% - 10% - 2:51
PP Forward
1 - 54% - 55% - 1:04
2 - 46% - 45% - 0:55
PP Defense
1 - 54% - 55% - 1:04
2 - 46% - 45% - 0:55
PK Forward
1 - 63% - 55% - 1:15
2 - 37% - 45% - 0:44
PK Defense
1 - 63% - 55% - 1:15
2 - 37% - 45% - 0:44
PK3 Forward
1 - 0% - 55%
2 - 0% - 45%
PK3 Defense
1 - 0% - 55%
2 - 0% - 45%
44 Forward
1 - 0% - 55%
2 - 0% - 45%
44 Defense
1 - 0% - 55%
2 - 0% - 45%
Last Minute Offensive  - 0:00
Last Minute Defensive  - 0:00
Total
Forward - 60:00
Defense - 60:00

Play-by-Play

1st period


0:01 of 1st period - Troy Terry wins face-off versus Auston Matthews in neutral zone.
0:11 of 1st period - Icing by Auston Matthews.
0:12 of 1st period - Auston Matthews wins face-off versus Kevin Hayes in KELOWNA ROCKETS zone.
0:21 of 1st period - Tyson Barrie is hit by Pavel Buchnevich and loses puck.
0:40 of 1st period - Shot by Kevin Hayes.
0:40 of 1st period - Stopped by Craig Anderson without a rebound.
0:41 of 1st period - J.T. Compher wins face-off versus Trevor Zegras in KELOWNA ROCKETS zone.
0:41 of 1st period - J.T. Compher is hit by Wade Allison.
1:15 of 1st period - Icing by Mark Giordano.
1:16 of 1st period - J.T. Compher wins face-off versus Jonathan Toews in KELOWNA ROCKETS zone.
1:42 of 1st period - Shot by Dougie Hamilton.
1:42 of 1st period - Stopped by Craig Anderson without a rebound.
1:43 of 1st period - Ryan Poehling wins face-off versus Derek Ryan in KELOWNA ROCKETS zone.
2:11 of 1st period - Icing by Tyson Barrie.
2:12 of 1st period - Auston Matthews wins face-off versus Ryan Poehling in TEXAS TOROS zone.
2:13 of 1st period - Shot by Valeri Nichushkin.
2:13 of 1st period - Stopped by Daniil Tarasov without a rebound.
2:14 of 1st period - Auston Matthews wins face-off versus Kevin Hayes in TEXAS TOROS zone.
2:34 of 1st period - Valeri Nichushkin is hit by Mikhail Sergachev and loses puck.
2:43 of 1st period - Shot by Kevin Hayes.
2:43 of 1st period - Shot Misses the Net.
2:45 of 1st period - Shot by Taylor Raddysh.
2:45 of 1st period - Stopped by Craig Anderson without a rebound.
2:46 of 1st period - Derek Ryan wins face-off versus Jonathan Toews in KELOWNA ROCKETS zone.
2:46 of 1st period - Derek Ryan is hit by Danton Heinen.
3:40 of 1st period - Shot by Calle Jarnkrok.
3:40 of 1st period - Shot Misses the Net.
5:23 of 1st period - Dougie Hamilton is hit by Carson Meyer and loses puck.
5:46 of 1st period - Shot by Noah Gregor.
5:46 of 1st period - Stopped by Daniil Tarasov without a rebound.
5:47 of 1st period - Kevin Hayes wins face-off versus Derek Ryan in TEXAS TOROS zone.
5:55 of 1st period - Off-side.
5:56 of 1st period - J.T. Compher wins face-off versus Kevin Hayes in neutral zone.
7:08 of 1st period - Off-side.
7:09 of 1st period - Auston Matthews wins face-off versus Ryan Poehling in neutral zone.
7:22 of 1st period - Shot by Pavel Buchnevich.
7:22 of 1st period - Deflect By Valeri Nichushkin.
7:22 of 1st period - Shot Misses the Net.
7:24 of 1st period - Shot by Auston Matthews.
7:24 of 1st period - Stopped by Daniil Tarasov with a rebound.
7:26 of 1st period - Shot by Auston Matthews.
7:26 of 1st period - Shot Misses the Net.
7:28 of 1st period - Shot by Erik Brannstrom.
7:28 of 1st period - Shot Misses the Net.
8:41 of 1st period - Adam Fox is hit by Ryan Suter and loses puck.
9:02 of 1st period - Kevin Hayes is hit by Calle Jarnkrok and loses puck.
9:17 of 1st period - Shot by Vladimir Tarasenko.
9:17 of 1st period - Goal by Vladimir Tarasenko - KELOWNA ROCKETS : 1 - TEXAS TOROS : 0.
9:18 of 1st period - Auston Matthews wins face-off versus Trevor Zegras in neutral zone.
9:18 of 1st period - Auston Matthews is hit by Wade Allison.
10:08 of 1st period - Shot by Taylor Raddysh.
10:08 of 1st period - Stopped by Craig Anderson without a rebound.
10:09 of 1st period - Kevin Hayes wins face-off versus J.T. Compher in KELOWNA ROCKETS zone.
10:09 of 1st period - Minor Penalty to Adam Fox for High sticking.
10:10 of 1st period - Kevin Hayes wins face-off versus J.T. Compher in KELOWNA ROCKETS zone.
10:20 of 1st period - Icing by Ryan Suter.
10:21 of 1st period - Kevin Hayes wins face-off versus J.T. Compher in TEXAS TOROS zone.
10:48 of 1st period - Shot by Ryan Suter.
10:48 of 1st period - Shot Misses the Net.
11:26 of 1st period - Shot by Trevor Zegras.
11:26 of 1st period - Stopped by Craig Anderson without a rebound.
11:27 of 1st period - J.T. Compher wins face-off versus Trevor Zegras in KELOWNA ROCKETS zone.
12:27 of 1st period - Shot by Pavel Dorofeyev.
12:27 of 1st period - Stopped by Daniil Tarasov with a rebound.
13:24 of 1st period - Kevin Hayes is hit by Kyle Burroughs and loses puck.
15:17 of 1st period - Icing by Vladimir Tarasenko.
15:18 of 1st period - J.T. Compher wins face-off versus Jesse Ylonen in KELOWNA ROCKETS zone.
15:18 of 1st period - J.T. Compher is hit by Tyson Foerster.
15:42 of 1st period - Ryan Suter is hit by Pavel Buchnevich and loses puck.
16:00 of 1st period - Valeri Nichushkin is hit by Ryan Suter and loses puck.
16:18 of 1st period - Shot by Pavel Buchnevich.
16:18 of 1st period - Goal by Pavel Buchnevich - KELOWNA ROCKETS : 2 - TEXAS TOROS : 0.
16:19 of 1st period - Jonathan Toews wins face-off versus Derek Ryan in neutral zone.
16:30 of 1st period - Shot by Derek Ryan.
16:30 of 1st period - Stopped by Daniil Tarasov without a rebound.
16:31 of 1st period - Lukas Sedlak wins face-off versus Kevin Hayes in TEXAS TOROS zone.
16:34 of 1st period - Shot by Noah Gregor.
16:34 of 1st period - Shot Misses the Net.
17:04 of 1st period - Icing by Erik Brannstrom.
17:05 of 1st period - Jonathan Toews wins face-off versus Noah Gregor in KELOWNA ROCKETS zone.
18:07 of 1st period - Shot by Derek Ryan.
18:07 of 1st period - Stopped by Daniil Tarasov without a rebound.
18:08 of 1st period - Auston Matthews wins face-off versus Kevin Hayes in TEXAS TOROS zone.
18:09 of 1st period - Shot by Valeri Nichushkin.
18:09 of 1st period - Stopped by Daniil Tarasov without a rebound.
18:10 of 1st period - Kevin Hayes wins face-off versus Auston Matthews in TEXAS TOROS zone.
18:23 of 1st period - Shot by Kevin Hayes.
18:23 of 1st period - Stopped by Craig Anderson without a rebound.
18:24 of 1st period - Derek Ryan wins face-off versus Yegor Chinakhov in KELOWNA ROCKETS zone.
19:19 of 1st period - Tyson Barrie is hit by Pavel Buchnevich and loses puck.
19:53 of 1st period - Shot by Pavel Buchnevich.
19:53 of 1st period - Deflect By Valeri Nichushkin.
19:53 of 1st period - Shot Misses the Net.
Goals for this period are 2 for KELOWNA ROCKETS vs 0 for TEXAS TOROS.
Shots for this period are 9 for KELOWNA ROCKETS vs 6 for TEXAS TOROS.

2nd period


0:01 of 2nd period - J.T. Compher wins face-off versus Jonathan Toews in neutral zone.
1:45 of 2nd period - Shot by Valeri Nichushkin.
1:45 of 2nd period - Shot Misses the Net.
1:47 of 2nd period - Shot by Valeri Nichushkin.
1:47 of 2nd period - Shot Misses the Net.
1:49 of 2nd period - Shot by Pavel Buchnevich.
1:49 of 2nd period - Stopped by Daniil Tarasov without a rebound.
1:50 of 2nd period - Wade Allison wins face-off versus Pavel Dorofeyev in TEXAS TOROS zone.
1:50 of 2nd period - Wade Allison is hit by Parker Kelly.
2:07 of 2nd period - Icing by Derek Ryan.
2:08 of 2nd period - Pavel Dorofeyev wins face-off versus Ryan Poehling in KELOWNA ROCKETS zone.
2:34 of 2nd period - Shot by Derek Ryan.
2:34 of 2nd period - Goal by Derek Ryan - KELOWNA ROCKETS : 3 - TEXAS TOROS : 0.
2:35 of 2nd period - Jonathan Toews wins face-off versus Auston Matthews in neutral zone.
2:45 of 2nd period - Valeri Nichushkin is hit by Nate Schmidt and loses puck.
3:05 of 2nd period - Auston Matthews is hit by Owen Power and loses puck.
3:10 of 2nd period - Shot by Auston Matthews.
3:10 of 2nd period - Shot Misses the Net.
3:12 of 2nd period - Shot by Valeri Nichushkin.
3:12 of 2nd period - Shot Misses the Net.
3:14 of 2nd period - Shot by Mark Giordano.
3:14 of 2nd period - Deflect By Valeri Nichushkin.
3:14 of 2nd period - Shot Misses the Net.
3:35 of 2nd period - Off-side.
3:36 of 2nd period - Kevin Hayes wins face-off versus J.T. Compher in neutral zone.
3:53 of 2nd period - Shot by J.T. Compher.
3:53 of 2nd period - Shot Misses the Net.
3:55 of 2nd period - Shot by J.T. Compher.
3:55 of 2nd period - Shot Misses the Net.
3:58 of 2nd period - J.T. Compher is hit by Dougie Hamilton and loses puck.
4:17 of 2nd period - Shot by Vladimir Tarasenko.
4:17 of 2nd period - Stopped by Daniil Tarasov without a rebound.
4:18 of 2nd period - Derek Ryan wins face-off versus Trevor Zegras in TEXAS TOROS zone.
4:43 of 2nd period - Shot by Tyson Barrie.
4:43 of 2nd period - Shot Misses the Net.
4:45 of 2nd period - Shot by Tyson Barrie.
4:45 of 2nd period - The goal is going for a video replay.
4:45 of 2nd period - The goal is refused.
4:46 of 2nd period - Auston Matthews wins face-off versus Ryan Poehling in KELOWNA ROCKETS zone.
5:18 of 2nd period - Shot by Valeri Nichushkin.
5:18 of 2nd period - Stopped by Daniil Tarasov without a rebound.
5:19 of 2nd period - Calle Jarnkrok wins face-off versus Kevin Hayes in TEXAS TOROS zone.
5:47 of 2nd period - Icing by J.T. Compher.
5:48 of 2nd period - Jonathan Toews wins face-off versus J.T. Compher in KELOWNA ROCKETS zone.
6:07 of 2nd period - Shot by J.T. Compher.
6:07 of 2nd period - Stopped by Daniil Tarasov with a rebound.
6:39 of 2nd period - Shot by Valeri Nichushkin.
6:39 of 2nd period - Shot Blocked by Ryan Suter.
6:41 of 2nd period - Shot by Auston Matthews.
6:41 of 2nd period - Deflect By Pavel Buchnevich.
6:41 of 2nd period - Stopped by Daniil Tarasov with a rebound.
6:46 of 2nd period - Icing by Ryan Suter.
6:47 of 2nd period - Jonathan Toews wins face-off versus Derek Ryan in TEXAS TOROS zone.
6:47 of 2nd period - Jonathan Toews is hit by Parker Kelly.
7:03 of 2nd period - Shot by Derek Ryan.
7:03 of 2nd period - Shot Misses the Net.
7:09 of 2nd period - Shot by Mikhail Sergachev.
7:09 of 2nd period - Stopped by Craig Anderson without a rebound.
7:10 of 2nd period - Auston Matthews wins face-off versus Trevor Zegras in KELOWNA ROCKETS zone.
8:34 of 2nd period - Icing by Dmitri Orlov.
8:35 of 2nd period - Derek Ryan wins face-off versus Kevin Hayes in KELOWNA ROCKETS zone.
8:50 of 2nd period - Dmitri Orlov is hit by Miles Wood and loses puck.
8:54 of 2nd period - Off-side.
8:55 of 2nd period - Jonathan Toews wins face-off versus J.T. Compher in neutral zone.
9:06 of 2nd period - Shot by Troy Terry.
9:06 of 2nd period - Shot Misses the Net.
9:36 of 2nd period - Shot by J.T. Compher.
9:36 of 2nd period - Deflect By Vladimir Tarasenko.
9:36 of 2nd period - Shot Misses the Net.
10:04 of 2nd period - Valeri Nichushkin is hit by Nate Schmidt and loses puck.
10:52 of 2nd period - Shot by Derek Ryan.
10:52 of 2nd period - Shot Blocked by Owen Power.
10:54 of 2nd period - Shot by Derek Ryan.
10:54 of 2nd period - Deflect By Pavel Dorofeyev.
10:54 of 2nd period - Goal by Pavel Dorofeyev - KELOWNA ROCKETS : 4 - TEXAS TOROS : 0.
10:54 of 2nd period - Philipp Grubauer enters game.
10:55 of 2nd period - Kevin Hayes wins face-off versus Carson Meyer in neutral zone.
11:57 of 2nd period - Shot by Calle Jarnkrok.
11:57 of 2nd period - Stopped by Philipp Grubauer without a rebound.
11:58 of 2nd period - Derek Ryan wins face-off versus Yegor Chinakhov in TEXAS TOROS zone.
12:21 of 2nd period - Shot by Anthony DeAngelo.
12:21 of 2nd period - Stopped by Philipp Grubauer with a rebound.
12:23 of 2nd period - Shot by Parker Kelly.
12:23 of 2nd period - Shot Blocked by Tyson Barrie.
12:33 of 2nd period - Mark Giordano is hit by Wade Allison and loses puck.
13:18 of 2nd period - Shot by Vladimir Tarasenko.
13:18 of 2nd period - Shot Misses the Net.
14:05 of 2nd period - Icing by Nate Schmidt.
14:06 of 2nd period - Kevin Hayes wins face-off versus Noah Gregor in TEXAS TOROS zone.
14:38 of 2nd period - Icing by Owen Power.
14:39 of 2nd period - Kevin Hayes wins face-off versus Auston Matthews in TEXAS TOROS zone.
14:48 of 2nd period - Shot by Taylor Raddysh.
14:48 of 2nd period - Shot Misses the Net.
15:22 of 2nd period - Shot by Jonathan Toews.
15:22 of 2nd period - Shot Misses the Net.
15:24 of 2nd period - Shot by Tyson Barrie.
15:24 of 2nd period - Shot Misses the Net.
15:34 of 2nd period - Shot by Jonathan Toews.
15:34 of 2nd period - Deflect By Troy Terry.
15:34 of 2nd period - Shot Blocked by Adam Fox.
15:51 of 2nd period - Trevor Zegras is hit by Dmitri Orlov and loses puck.
16:04 of 2nd period - Shot by Trevor Zegras.
16:04 of 2nd period - Shot Blocked by Dmitri Orlov.
16:06 of 2nd period - Shot by Wade Allison.
16:06 of 2nd period - Shot Misses the Net.
16:22 of 2nd period - Shot by Dougie Hamilton.
16:22 of 2nd period - Goal by Dougie Hamilton - KELOWNA ROCKETS : 4 - TEXAS TOROS : 1.
16:23 of 2nd period - J.T. Compher wins face-off versus Tyson Foerster in neutral zone.
16:34 of 2nd period - Shot by Ryan Poehling.
16:34 of 2nd period - Shot Misses the Net.
16:58 of 2nd period - Shot by Tyson Foerster.
16:58 of 2nd period - Deflect By Jesse Ylonen.
16:58 of 2nd period - Stopped by Craig Anderson without a rebound.
16:59 of 2nd period - Kevin Hayes wins face-off versus Derek Ryan in KELOWNA ROCKETS zone.
17:43 of 2nd period - Icing by Mark Giordano.
17:44 of 2nd period - Jonathan Toews wins face-off versus Derek Ryan in KELOWNA ROCKETS zone.
18:48 of 2nd period - Shot by Trevor Zegras.
18:48 of 2nd period - Stopped by Craig Anderson without a rebound.
18:49 of 2nd period - Ryan Poehling wins face-off versus Auston Matthews in KELOWNA ROCKETS zone.
19:00 of 2nd period - Shot by Tyson Foerster.
19:00 of 2nd period - Stopped by Craig Anderson with a rebound.
19:27 of 2nd period - Shot by Pavel Buchnevich.
19:27 of 2nd period - Shot Misses the Net.
19:35 of 2nd period - Shot by Valeri Nichushkin.
19:35 of 2nd period - Shot Misses the Net.
19:49 of 2nd period - Shot by Vladimir Tarasenko.
19:49 of 2nd period - Deflect By J.T. Compher.
19:49 of 2nd period - Stopped by Philipp Grubauer without a rebound.
19:50 of 2nd period - J.T. Compher wins face-off versus Kevin Hayes in TEXAS TOROS zone.
Goals for this period are 2 for KELOWNA ROCKETS vs 1 for TEXAS TOROS.
Shots for this period are 10 for KELOWNA ROCKETS vs 6 for TEXAS TOROS.

3rd period


0:01 of 3rd period - J.T. Compher wins face-off versus Kevin Hayes in neutral zone.
0:10 of 3rd period - Icing by J.T. Compher.
0:11 of 3rd period - J.T. Compher wins face-off versus Jonathan Toews in KELOWNA ROCKETS zone.
0:20 of 3rd period - Shot by Vladimir Tarasenko.
0:20 of 3rd period - Shot Blocked by Mikhail Sergachev.
0:41 of 3rd period - Shot by J.T. Compher.
0:41 of 3rd period - Stopped by Philipp Grubauer without a rebound.
0:42 of 3rd period - Derek Ryan wins face-off versus Taylor Raddysh in TEXAS TOROS zone.
1:24 of 3rd period - Icing by Ryan Suter.
1:25 of 3rd period - Kevin Hayes wins face-off versus J.T. Compher in TEXAS TOROS zone.
1:30 of 3rd period - Erik Brannstrom is hit by Taylor Raddysh and loses puck.
1:51 of 3rd period - Shot by J.T. Compher.
1:51 of 3rd period - Shot Misses the Net.
1:59 of 3rd period - Shot by Vladimir Tarasenko.
1:59 of 3rd period - Shot Misses the Net.
2:19 of 3rd period - Shot by Troy Terry.
2:19 of 3rd period - Stopped by Craig Anderson with a rebound.
2:27 of 3rd period - Mikhail Sergachev is hit by Auston Matthews.
2:43 of 3rd period - Shot by Pavel Buchnevich.
2:43 of 3rd period - Shot Misses the Net.
2:45 of 3rd period - Shot by Auston Matthews.
2:45 of 3rd period - Stopped by Philipp Grubauer without a rebound.
2:46 of 3rd period - Derek Ryan wins face-off versus Trevor Zegras in TEXAS TOROS zone.
2:57 of 3rd period - Shot by Parker Kelly.
2:57 of 3rd period - Stopped by Philipp Grubauer without a rebound.
2:58 of 3rd period - Noah Gregor wins face-off versus Ryan Poehling in TEXAS TOROS zone.
3:56 of 3rd period - Shot by Taylor Raddysh.
3:56 of 3rd period - Stopped by Craig Anderson without a rebound.
3:57 of 3rd period - Kevin Hayes wins face-off versus Auston Matthews in KELOWNA ROCKETS zone.
4:08 of 3rd period - Shot by Mikhail Sergachev.
4:08 of 3rd period - Stopped by Craig Anderson with a rebound.
4:10 of 3rd period - Shot by Miles Wood.
4:10 of 3rd period - Shot Misses the Net.
4:12 of 3rd period - Shot by Kevin Hayes.
4:12 of 3rd period - Stopped by Craig Anderson without a rebound.
4:13 of 3rd period - J.T. Compher wins face-off versus Jonathan Toews in KELOWNA ROCKETS zone.
4:13 of 3rd period - J.T. Compher is hit by Danton Heinen.
4:33 of 3rd period - Minor Penalty to Jonathan Toews for Roughing.
4:34 of 3rd period - Auston Matthews wins face-off versus Danton Heinen in TEXAS TOROS zone.
4:59 of 3rd period - Icing by Adam Fox.
5:00 of 3rd period - Auston Matthews wins face-off versus Danton Heinen in KELOWNA ROCKETS zone.
5:11 of 3rd period - Shot by Adam Fox.
5:11 of 3rd period - Stopped by Philipp Grubauer with a rebound.
5:17 of 3rd period - Shot by Kevin Hayes.
5:17 of 3rd period - Shot Hit the Post.
5:19 of 3rd period - Shot by Dougie Hamilton.
5:19 of 3rd period - Shot Misses the Net.
5:21 of 3rd period - Shot by Dougie Hamilton.
5:21 of 3rd period - Shot Blocked by Dmitri Orlov.
5:23 of 3rd period - Shot by Kevin Hayes.
5:23 of 3rd period - Shot Misses the Net.
5:25 of 3rd period - Shot by Kevin Hayes.
5:25 of 3rd period - Deflect By Danton Heinen.
5:25 of 3rd period - Stopped by Craig Anderson with a rebound.
6:00 of 3rd period - Icing by Valeri Nichushkin.
6:01 of 3rd period - J.T. Compher wins face-off versus Troy Terry in KELOWNA ROCKETS zone.
6:34 of 3rd period - J.T. Compher is hit by Owen Power and loses puck.
6:38 of 3rd period - Derek Ryan is hit by Owen Power and loses puck.
7:09 of 3rd period - Icing by Dmitri Orlov.
7:10 of 3rd period - Kevin Hayes wins face-off versus Derek Ryan in KELOWNA ROCKETS zone.
8:07 of 3rd period - Shot by Valeri Nichushkin.
8:07 of 3rd period - Stopped by Philipp Grubauer without a rebound.
8:08 of 3rd period - J.T. Compher wins face-off versus Trevor Zegras in TEXAS TOROS zone.
8:09 of 3rd period - Shot by Vladimir Tarasenko.
8:09 of 3rd period - Shot Blocked by Wade Allison.
8:29 of 3rd period - Shot by Trevor Zegras.
8:29 of 3rd period - Goal by Trevor Zegras - KELOWNA ROCKETS : 4 - TEXAS TOROS : 2.
8:30 of 3rd period - Jonathan Toews wins face-off versus Carson Meyer in neutral zone.
9:06 of 3rd period - Jonathan Toews is hit by Dmitri Orlov and loses puck.
9:27 of 3rd period - Shot by Wade Allison.
9:27 of 3rd period - Deflect By Trevor Zegras.
9:27 of 3rd period - Shot Misses the Net.
9:49 of 3rd period - Shot by Trevor Zegras.
9:49 of 3rd period - Shot Misses the Net.
9:51 of 3rd period - Shot by Mikhail Sergachev.
9:51 of 3rd period - Shot Misses the Net.
9:59 of 3rd period - Shot by Trevor Zegras.
9:59 of 3rd period - Stopped by Craig Anderson without a rebound.
10:00 of 3rd period - Kevin Hayes wins face-off versus Auston Matthews in KELOWNA ROCKETS zone.
10:15 of 3rd period - Shot by Taylor Raddysh.
10:15 of 3rd period - Stopped by Craig Anderson without a rebound.
10:16 of 3rd period - J.T. Compher wins face-off versus Ryan Poehling in KELOWNA ROCKETS zone.
10:40 of 3rd period - Shot by Jesse Ylonen.
10:40 of 3rd period - Stopped by Craig Anderson without a rebound.
10:41 of 3rd period - Auston Matthews wins face-off versus Jonathan Toews in KELOWNA ROCKETS zone.
13:05 of 3rd period - Shot by Kevin Hayes.
13:05 of 3rd period - Shot Blocked by Kyle Burroughs.
13:07 of 3rd period - Shot by Kevin Hayes.
13:07 of 3rd period - Shot Blocked by Derek Ryan.
13:09 of 3rd period - Shot by Tyson Barrie.
13:09 of 3rd period - Stopped by Craig Anderson without a rebound.
13:10 of 3rd period - Trevor Zegras wins face-off versus Auston Matthews in KELOWNA ROCKETS zone.
13:24 of 3rd period - Icing by Anthony DeAngelo.
13:25 of 3rd period - Auston Matthews wins face-off versus Ryan Poehling in KELOWNA ROCKETS zone.
13:30 of 3rd period - Ryan Suter is hit by Pavel Buchnevich and loses puck.
13:46 of 3rd period - Icing by Ryan Suter.
13:47 of 3rd period - J.T. Compher wins face-off versus Ryan Poehling in TEXAS TOROS zone.
14:00 of 3rd period - Shot by J.T. Compher.
14:00 of 3rd period - Deflect By Vladimir Tarasenko.
14:00 of 3rd period - Stopped by Philipp Grubauer without a rebound.
14:01 of 3rd period - Auston Matthews wins face-off versus Kevin Hayes in TEXAS TOROS zone.
14:14 of 3rd period - Shot by Taylor Raddysh.
14:14 of 3rd period - Stopped by Craig Anderson with a rebound.
14:21 of 3rd period - Icing by Erik Brannstrom.
14:22 of 3rd period - Trevor Zegras wins face-off versus Pavel Buchnevich in KELOWNA ROCKETS zone.
14:37 of 3rd period - Shot by Valeri Nichushkin.
14:37 of 3rd period - Shot Misses the Net.
15:39 of 3rd period - Shot by J.T. Compher.
15:39 of 3rd period - Deflect By Calle Jarnkrok.
15:39 of 3rd period - Shot Blocked by Mikhail Sergachev.
16:12 of 3rd period - Owen Power is hit by Calle Jarnkrok and loses puck.
18:44 of 3rd period - Auston Matthews is hit by Mikhail Sergachev and loses puck.
18:54 of 3rd period - Icing by Taylor Raddysh.
18:55 of 3rd period - Kevin Hayes wins face-off versus Carson Meyer in TEXAS TOROS zone.
19:11 of 3rd period - Adam Fox is hit by Miles Wood and loses puck.
19:21 of 3rd period - Dmitri Orlov is hit by Wade Allison and loses puck.
Goals for this period are 0 for KELOWNA ROCKETS vs 1 for TEXAS TOROS.
Shots for this period are 6 for KELOWNA ROCKETS vs 11 for TEXAS TOROS.


BLAKE
WHEELER
STEVEN
STAMKOS
DREW
DOUGHTY

EAST COAST

HOCKEY LEAGUE

  • 63.RHI2PIT5
  • 64.WOR4ATL3
  • 65.QUECHW
  • 66.CHATRV